 Dungeon Crawl Stone Soup version 0.20.0-10-g0535bb4 (webtiles) character file.

328 MTVSty1e the Skirmisher (level 6, 0/40 HPs)
             Began as a Gargoyle Skald on June 3, 2017.
             Slain by a small abomination (15 damage)
             ... on level 2 of the Abyss.
             The game lasted 00:05:49 (2828 turns).

MTVSty1e the Skirmisher (Gargoyle Skald)            Turns: 2828, Time: 00:05:50

Health: 0/40       AC: 11    Str: 16    XL:     6   Next: 50%
Magic:  9/9        EV: 11    Int: 14    God:
Gold:   129        SH:  0    Dex:  9    Spells: 5/9 levels left

rFire    + . .     SeeInvis .   r - +1 hand axe (freeze)
rCold    . . .     Gourm    .   (no shield)
rNeg     + . .     Faith    .   j - +1 ring mail
rPois    ∞         Spirit   .   (no helmet)
rElec    +         Reflect  .   (no cloak)
rCorr    .         Harm     .   n - +0 pair of gloves (curse)
MR       +....                  (no boots)
Stlth    ..........             (no amulet)
Regen    0.2/turn               i - ring of protection from magic
MPRegen  0.2/turn               s - ring of protection from fire

@: no status effects
A: negative energy resistance 1, electricity resistance, unbreathing,
petrification resistance, rot immunity, AC +4
a: no special abilities


You were on level 2 of the Abyss.
You were not hungry.

You visited 1 branch of the dungeon, and saw 4 of its levels.
You visited the Abyss 1 time.

You collected 129 gold pieces.

Inventory:

Hand Weapons
 a - a +1 hand axe
 r - a +1 hand axe of freezing (weapon)
 t - a +1 spear of distortion
Armour
 b - a +0 leather armour
 j - a +1 ring mail (worn)
 n - a cursed +0 pair of gloves (worn)
Jewellery
 i - a ring of protection from magic (left hand)
 l - an uncursed ring of see invisible
 s - a ring of protection from fire (right hand)
Scrolls
 e - a scroll of remove curse
 f - a scroll of identify
 p - 2 scrolls of teleportation
 w - a scroll of enchant weapon
Potions
 g - a potion of curing
 k - a potion of brilliance {unknown}
 o - a potion of agility
 q - a potion of flight {unknown}
 u - a potion of might {unknown}
 v - a potion of lignification {unknown}
Books
 c - a book of Battle

   Spells                             Type                      Level
   a - Infusion                       Charms                       1
   b - Shroud of Golubria             Charms/Translocation         2
   c - Song of Slaying                Charms                       2
   d - Spectral Weapon                Hexes/Charms                 3
   e - Regeneration                   Charms/Necromancy            3
Comestibles
 d - 3 bread rations
 h - 3 royal jellies
 m - 7 fruits


   Skills:
 + Level 4.9 Fighting
 * Level 4.8 Axes
 - Level 1.1 Armour
 - Level 1.5 Dodging
 - Level 2.0 Spellcasting
 - Level 2.6 Charms


You had 5 spell levels left.
You knew the following spells:

 Your Spells              Type           Power        Failure   Level  Hunger
a - Infusion              Chrm           #...         16%         1    ##.....
b - Regeneration          Chrm/Necr      #.........   61%         3    ####...


Dungeon Overview and Level Annotations

Branches:
Dungeon (4/15)
 Temple: D:4-7

Altars:
Gozag


Innate Abilities, Weirdness & Mutations

You are resistant to torment.
Your stone body is resilient. (AC +4)
You are immune to poison.
You resist negative energy. (rN+)
You are resistant to electric shocks. (rElec)
You can survive without breathing.
You are immune to petrification.
You are immune to rotting.


Message History

The small abomination hits you but does no damage.
You closely miss the small abomination.
The small abomination is moderately damaged.
The small abomination hits you but does no damage.
You closely miss the small abomination.
The small abomination is moderately damaged.
You completely miss the small abomination.
The small abomination hits you but does no damage.
The small abomination hits you.
The small abomination hits you but does no damage.
You hit the small abomination but do no damage.
The small abomination is moderately damaged.
You closely miss the small abomination.
The small abomination hits you but does no damage.
The small abomination hits you.
You hit the small abomination. You freeze the small abomination.
The small abomination is heavily damaged.
You barely miss the small abomination. The small abomination misses you.
The small abomination hits you!
You die...

#####... ..
# .# #.. .
## # .
........###
## . ## .
....##
.#.#.# .. ..
.#.#.#.#.
#x####.## .
#.
###..##...
..... # . .#
###.#.###..#
..##
#..#..x## ..
##..##x@# .
# # #
#.##### # #
#...# .. ##
#.# # .###.#
#.. . #.# .
# ...


You could see 2 small abominations.

Vanquished Creatures
  Sigmund (D:2)
  A bullfrog skeleton (D:3)
  A worker ant (D:4)
  4 adders
  An ooze (D:2)
  An adder skeleton (D:3)
  2 worms (D:3)
  A dart slug (D:2)
  A leopard gecko (D:2)
  5 orcs (D:3)
  3 giant cockroaches
  7 hobgoblins
  7 jackals (D:3)
  A quokka (D:4)
  2 ball pythons
  9 bats
  3 frilled lizards
  7 goblins
  7 kobolds
  A leopard gecko zombie (D:3)
  10 rats
75 creatures vanquished.

Notes
Turn   | Place    | Note
-------+----------+-------------------------------------------
     0 | D:1      | MTVSty1e the Gargoyle Skald began the quest for the Orb.
     0 | D:1      | Reached XP level 1. HP: 12/12 MP: 3/3
   115 | D:1      | Reached XP level 2. HP: 9/18 MP: 5/5
   928 | D:2      | Noticed Sigmund
   973 | D:2      | Reached XP level 3. HP: 21/23 MP: 6/6
  1143 | D:2      | Killed Sigmund
  1143 | D:2      | Reached XP level 4. HP: 29/29 MP: 7/7
  1143 | D:2      | Reached XP level 5. HP: 33/33 MP: 8/8
  1538 | D:2      | Found an opulent altar of Gozag.
  1740 | D:3      | Learned a level 3 spell: Regeneration
  1847 | D:3      | Reached XP level 6. HP: 31/39 MP: 9/9
  2695 | D:4      | Cast into level 2 of the Abyss (a distortion unwield)
  2786 | Abyss:2  | Noticed a small abomination
  2828 | Abyss:2  | Slain by a small abomination

Skill      XL: |  1  2  3 |
---------------+----------+-----
Axes           | 2 4 |  4.8
Fighting       | 3 4 |  4.9
Armour         | |  1.1
Dodging        | |  1.5
Spellcasting   | |  2.0
Charms         | |  2.6

Action                   |  1- 3 |  4- 6 || total
-------------------------+-------+-------++-------
Melee: Hand axe          |   112 |   195 ||   307
 Cast: Infusion          |     2 |     2 ||     4
  Use: Potion            |     3 |       ||     3
       Scroll            |       |     7 ||     7
  Eat: Bread ration      |     1 |       ||     1
       Chunk             |       |     2 ||     2
Armor: Leather armour    |     5 |       ||     5
       Ring mail         |    48 |    99 ||   147
Dodge: Dodged            |    75 |   113 ||   188
